[Event "Titled Tuesday Blitz April 18 Early 2023"]
[White "Balint, Vilmos"]
[Black "Wisniacki, Flavio"]
[WhiteFideId "718050"]
[BlackFideId "119229"]
[WhiteElo "2034"]
[BlackElo "2150"]
[Result "1-0"]
[Round "02"]
[TimeControl "180+2"]
[Date "2023.04.18"]
[WhiteClock "0:01:33"]
[BlackClock "0:01:19"]

1. e4 e5 2. f4 Bc5 3. Nf3 d6 4. Bc4 Nf6 5. Qe2 Nc6 6. fxe5 dxe5 7. Bxf7+ Kxf7 8. Qc4+ Kf8 9. Qxc5+ Qe7 10. Qxe7+ Kxe7 11. d3 Be6 12. h3 h6 13. a3 g5 14. Be3 Rad8 15. Nbd2 a6 16. O-O-O g4 17. Nh4 h5 18. Ng6+ Kd7 19. Nxh8 Rxh8 20. Rdf1 Ne8 21. hxg4 Bxg4 22. Nf3 Nd6 23. Nh4 Rg8 24. Rf6 Be6 25. Rh6 Bf7 26. Rf1 Rg4 27. Nf5 Nxf5 28. Rxf5 Nd8 29. Bg5 Be6 30. Rxe5 Nf7 31. Rhxe6 Nxg5 32. Rg6 1-0


[Site "https://www.chess.com"]

[Event "Titled Tuesday Blitz April 18 Early 2023"]
[White "Zaichenko, Daria"]
[Black "Erzhanov, Arman"]
[WhiteFideId "4197453"]
[BlackFideId "4138821"]
[WhiteElo "2039"]
[BlackElo "2138"]
[Result "1-0"]
[Round "02"]
[TimeControl "180+2"]
[Date "2023.04.18"]
[WhiteClock "0:00:55"]
[BlackClock "0:00:01"]

1. e4 d6 2. d4 Nf6 3. Nc3 e5 4. f4 exd4 5. Qxd4 Nc6 6. Qd1 Be7 7. Nf3 O-O 8. Bd3 Re8 9. O-O Bf8 10. h3 Nb4 11. e5 dxe5 12. fxe5 Bc5+ 13. Kh2 Nxd3 14. cxd3 Nd5 15. d4 Bb6 16. Ng5 Be6 17. Qh5 h6 18. Nxf7 Qe7 19. Nxh6+ gxh6 20. Ne4 Bxd4 21. Bxh6 Qh7 22. Rf3 Re7 23. Nf6+ Nxf6 24. exf6 Bf5 25. fxe7 Be5+ 26. Kh1 Bd6 27. Rxf5 Bxe7 28. Raf1 1-0


[Site "https://www.chess.com"]

[Event "Titled Tuesday Blitz April 18 Early 2023"]
[White "Mouhamad, Joachim"]
[Black "Ardila, Oscar Humberto"]
[WhiteFideId "656410"]
[BlackFideId "4404742"]
[WhiteElo "2125"]
[BlackElo "1918"]
[Result "0-1"]
[Round "02"]
[TimeControl "180+2"]
[Date "2023.04.18"]
[WhiteClock "0:01:29"]
[BlackClock "0:00:41"]

1. e4 e5 2. Nf3 Nf6 3. d4 Nxe4 4. Bd3 d5 5. Nxe5 Nf6 6. O-O Be7 7. c4 dxc4 8. Bxc4 O-O 9. Nc3 Nbd7 10. Qb3 Nxe5 11. dxe5 Ng4 12. e6 Qd6 13. exf7+ Kh8 14. g3 Ne5 15. Bf4 Bh3 16. Bxe5 Qxe5 17. Rfe1 Qf6 18. Nd5 Qc6 19. Rxe7 Rad8 20. Rxc7 Qd6 21. Qxb7 Rb8 22. Qc6 Qe5 23. b3 Qxa1+ 0-1


[Site "https://www.chess.com"]

[Event "Titled Tuesday Blitz April 18 Early 2023"]
[White "Fathy, Elameir"]
[Black "Devaev, Alexander"]
[WhiteFideId "10600396"]
[BlackFideId "4169395"]
[WhiteElo "2311"]
[BlackElo "2204"]
[Result "0-1"]
[Round "02"]
[TimeControl "180+2"]
[Date "2023.04.18"]
[WhiteClock "0:00:58"]
[BlackClock "0:02:07"]

1. d4 Nf6 2. c4 e6 3. Nf3 c5 4. d5 d6 5. Nc3 e5 6. e4 Be7 7. h3 Nbd7 8. Be3 h6 9. Be2 Nh7 10. h4 Ndf6 11. Nd2 Nd7 12. g3 O-O 13. Qc2 a6 14. Nf3 Rb8 15. g4 Ndf6 16. Nd2 Nxg4 0-1


[Site "https://www.chess.com"]

[Event "Titled Tuesday Blitz April 18 Early 2023"]
[White "Malka, Samuel"]
[Black "Novikova, Galina"]
[WhiteFideId "20643675"]
[BlackFideId "4157095"]
[WhiteElo "2495"]
[BlackElo "1953"]
[Result "1-0"]
[Round "02"]
[TimeControl "180+2"]
[Date "2023.04.18"]
[WhiteClock "0:00:14"]
[BlackClock "0:00:01"]

1. d4 e6 2. c4 f5 3. g3 Nf6 4. Bg2 Be7 5. Nf3 O-O 6. O-O d6 7. Nbd2 Ne4 8. Qc2 Nxd2 9. Bxd2 Nd7 10. e4 fxe4 11. Qxe4 Nf6 12. Qc2 Qe8 13. Rfe1 Qh5 14. h3 h6 15. g4 Nxg4 16. hxg4 Qxg4 17. Qe4 Qh5 18. Nh2 e5 19. dxe5 Bf5 20. Qe2 Qg6 21. Bf4 Bd3 22. Qe3 dxe5 23. Bxe5 Bf6 24. Qg3 Qf5 25. Bxf6 Rxf6 26. Re5 Qh7 27. Rd1 Bxc4 28. Rd4 Qb1+ 29. Nf1 Bxf1 30. Bxf1 Raf8 31. Rg4 R6f7 32. Re2 Qxa2 33. Bg2 Qa1+ 34. Kh2 Qa5 35. Be4 Qb6 36. Bd5 Kh8 37. Bxf7 Rxf7 38. Re8+ Kh7 39. Qd3+ g6 40. Rg2 Rxf2 41. Re7+ 1-0


[Site "https://www.chess.com"]

[Event "Titled Tuesday Blitz April 18 Early 2023"]
[White "Sai Han Thiha"]
[Black "chessjazda"]
[WhiteFideId "13012290"]
[WhiteElo "1954"]
[BlackElo "2308"]
[Result "0-1"]
[Round "02"]
[TimeControl "180+2"]
[Date "2023.04.18"]
[WhiteClock "0:00:02"]
[BlackClock "0:00:57"]

1. d4 d6 2. e4 Nf6 3. Nc3 g6 4. Nf3 Bg7 5. Be2 O-O 6. O-O c6 7. a4 Qc7 8. h3 Nbd7 9. Be3 e5 10. Re1 Re8 11. Bf1 b6 12. Qd2 a6 13. Rad1 Bb7 14. dxe5 dxe5 15. Qd6 Qxd6 16. Rxd6 Bf8 17. Rd3 Nc5 18. Bxc5 Bxc5 19. Rd7 Nxd7 20. Bc4 Bb4 21. Ng5 Re7 22. Rd1 Bxc3 23. bxc3 b5 24. axb5 axb5 25. Bb3 Nc5 26. Rd6 Nxb3 27. cxb3 h6 28. Nf3 Kf8 29. h4 Ke8 30. h5 Rd8 31. Rf6 Re6 32. Rxe6+ fxe6 33. hxg6 Ke7 34. Nxe5 Kf6 35. f4 c5 36. g4 Bxe4 37. Kf2 Bxg6 38. Ke3 Be8 39. b4 c4 40. Ke2 Rd5 0-1


[Site "https://www.chess.com"]

[Event "Titled Tuesday Blitz April 18 Early 2023"]
[White "Itkis, Boris"]
[Black "Shuvalov, Evgenij"]
[WhiteFideId "1209167"]
[BlackFideId "4187237"]
[WhiteElo "2216"]
[BlackElo "2080"]
[Result "1/2-1/2"]
[Round "02"]
[TimeControl "180+2"]
[Date "2023.04.18"]
[WhiteClock "0:00:12"]
[BlackClock "0:00:11"]

1. c4 Nf6 2. Nf3 g6 3. b4 Bg7 4. Bb2 c6 5. g3 d5 6. cxd5 cxd5 7. Bg2 O-O 8. O-O Nc6 9. b5 Nb8 10. d3 Bg4 11. Nbd2 Nbd7 12. Rc1 Rc8 13. Rxc8 Qxc8 14. Qa1 Bxf3 15. Rc1 Bxe2 16. Rxc8 Rxc8 17. Bf1 Bxf1 18. Nxf1 Ne8 19. Ne3 Bxb2 20. Qxb2 Nef6 21. a4 h5 22. a5 e6 23. Qd4 b6 24. h3 Rc5 25. g4 hxg4 26. hxg4 Rxb5 27. g5 Nh5 28. axb6 Rxb6 29. Ng4 Ng7 30. Nh6+ Kf8 31. Qf4 Nf5 32. Qc7 Ke8 33. Ng8 Nd6 34. Qxa7 Rb8 35. Nf6+ Nxf6 36. gxf6 Rb7 37. Qa8+ Kd7 38. Qf8 Kc6 39. Kg2 Rd7 40. Qa8+ Kc7 41. Kf3 e5 42. Kg4 Nf5 43. f4 exf4 44. Kxf4 Kd6 45. Qa3+ Ke6 46. Kg5 d4 47. Qb3+ Rd5 48. Qb6+ Rd6 49. Qb7 Rd7 50. Qe4+ Kd6 51. Qf4+ Ke6 52. Qe4+ Kd6 53. Qf4+ Ke6 54. Qe4+ 1/2-1/2


[Site "https://www.chess.com"]

[Event "Titled Tuesday Blitz April 18 Early 2023"]
[White "Rosenberg, Evan S"]
[Black "Musovic, Armin"]
[WhiteFideId "2019299"]
[BlackFideId "939935"]
[WhiteElo "2307"]
[BlackElo "2322"]
[Result "0-1"]
[Round "02"]
[TimeControl "180+2"]
[Date "2023.04.18"]
[WhiteClock "0:00:04"]
[BlackClock "0:01:35"]

1. d4 d5 2. Nf3 Nf6 3. c3 c5 4. dxc5 e6 5. Be3 Nc6 6. b4 a5 7. b5 Na7 8. Na3 Ne4 9. g3 Bxc5 10. Bxc5 Nxc5 11. Qd4 Nd7 12. Qxg7 Qf6 13. Qxf6 Nxf6 14. Ne5 Ne4 15. c4 f6 16. f3 Nd6 17. Ng4 h5 18. Ne3 dxc4 19. Nexc4 Nxc4 20. Nxc4 Nxb5 21. a4 Nd4 22. Nd6+ Ke7 23. Nxc8+ Rhxc8 24. Kf2 Rc2 25. Rd1 e5 26. f4 Rb8 27. fxe5 fxe5 28. h3 Rf8+ 29. Ke3 b5 30. axb5 a4 31. g4 h4 32. g5 a3 33. g6 a2 34. g7 Rg8 35. Rg1 Rb2 36. Rg2 Rb1 0-1


[Site "https://www.chess.com"]

[Event "Titled Tuesday Blitz April 18 Early 2023"]
[White "Martin Duque, Jesus"]
[Black "Karthik Sai Ch"]
[WhiteFideId "2208954"]
[BlackFideId "46649484"]
[WhiteElo "2305"]
[BlackElo "2003"]
[Result "1/2-1/2"]
[Round "02"]
[TimeControl "180+2"]
[Date "2023.04.18"]
[WhiteClock "0:00:17"]
[BlackClock "0:00:16"]

1. g3 d5 2. Bg2 Nf6 3. Nf3 c6 4. O-O Bg4 5. c4 e6 6. Ne5 Bf5 7. Qb3 Qb6 8. Nc3 Nbd7 9. Nxd7 Nxd7 10. cxd5 exd5 11. d3 Be7 12. Qxb6 axb6 13. e4 dxe4 14. dxe4 Be6 15. Be3 Bc5 16. Bxc5 Nxc5 17. Rfd1 Ke7 18. f4 f5 19. Kf2 Rhd8 20. exf5 Bxf5 21. Ke3 Kf6 22. Rxd8 Rxd8 23. Rd1 Re8+ 24. Kf2 Nd3+ 25. Kf3 Nxb2 26. Rd6+ Kf7 27. Rd2 Nc4 28. Re2 Rxe2 29. Kxe2 b5 30. h3 h5 31. Bf3 g6 32. g4 hxg4 33. hxg4 Bc2 34. g5 Bf5 35. Ne4 Bxe4 36. Bxe4 Nd6 37. Bd3 c5 38. Ke3 b4 39. Bc2 b5 40. Bb3+ Ke7 41. Bd5 Nf5+ 42. Ke4 c4 43. Bc6 c3 44. Kd3 c2 45. Kd2 Nd4 46. Be4 Ne2 47. Kxc2 Nxf4 48. Kb3 Kd6 49. Kxb4 Ne6 50. Kxb5 Nxg5 51. Bg2 Kc7 52. a4 Kb8 53. a5 Ne6 54. Kb6 Nc7 55. Bb7 g5 56. Bf3 Na8+ 57. Kc6 Ka7 58. Be2 Kb8 59. a6 Nc7 60. Kb6 Na8+ 61. Kc6 Nc7 62. Kb6 Nxa6 63. Kxa6 g4 64. Bf1 g3 65. Bg2 Kc7 66. Kb5 Kd6 67. Kc4 Ke5 68. Kd3 Kf4 69. Ke2 Kg4 70. Ke3 Kh4 71. Kf4 Kh5 72. Kf5 Kh4 73. Kg6 Kg4 74. Kf6 Kf4 75. Kg6 Ke3 76. Kh5 Kf2 77. Ba8 g2 78. Bxg2 1/2-1/2


[Site "https://www.chess.com"]

[Event "Titled Tuesday Blitz April 18 Early 2023"]
[White "Womacka, Mathias"]
[Black "Seder, Mohammed"]
[WhiteFideId "4611390"]
[BlackFideId "11505567"]
[WhiteElo "2377"]
[BlackElo "1862"]
[Result "1-0"]
[Round "02"]
[TimeControl "180+2"]
[Date "2023.04.18"]
[WhiteClock "0:00:58"]
[BlackClock "0:00:11"]

1. e4 c5 2. Nf3 Nc6 3. d4 cxd4 4. Nxd4 Nf6 5. Nc3 e5 6. Ndb5 d6 7. Bg5 a6 8. Na3 b5 9. Nd5 Be7 10. Bxf6 Bxf6 11. c3 Be6 12. Nxf6+ gxf6 13. Nc2 f5 14. exf5 Bxf5 15. Ne3 Be6 16. Bd3 Qd7 17. O-O h5 18. Qf3 d5 19. Bf5 e4 20. Qf4 Rg8 21. Rfd1 O-O-O 22. Nxd5 Kb7 23. Ne3 Qc7 24. Qxc7+ Kxc7 25. Bxe4 h4 26. Rxd8 Rxd8 27. Rd1 Rxd1+ 28. Nxd1 Bxa2 29. Ne3 Ne5 30. f4 Nc4 31. Nxc4 Bxc4 32. Kf2 Kd6 33. Ke3 Ke6 34. Kd4 a5 35. Kc5 Bf1 36. g4 hxg3 37. hxg3 a4 38. Bc6 Kf5 39. Bxb5 Bg2 40. Bd7+ Ke4 41. Bc6+ Ke3 42. Bxg2 Kf2 43. Bc6 Kxg3 44. Bxa4 Kxf4 45. Bc6 Ke3 46. b4 f5 47. b5 f4 48. b6 f3 49. Bxf3 Kxf3 50. b7 Ke3 51. b8=Q Kd3 52. Qf4 Kc2 53. Kc4 Kb2 54. Kb4 Kc2 55. c4 1-0


[Site "https://www.chess.com"]

[Event "Titled Tuesday Blitz April 18 Early 2023"]
[White "Senft, Sean"]
[Black "Rodchenkov, Sergey D."]
[WhiteFideId "2044960"]
[BlackFideId "4168712"]
[WhiteElo "1989"]
[BlackElo "2277"]
[Result "1-0"]
[Round "02"]
[TimeControl "180+2"]
[Date "2023.04.18"]
[WhiteClock "0:00:25"]
[BlackClock "0:00:38"]

1. d4 d5 2. c4 dxc4 3. e3 Nf6 4. Bxc4 e6 5. Nc3 a6 6. Nf3 c5 7. O-O Nc6 8. Qe2 Be7 9. dxc5 Bxc5 10. Rd1 Qc7 11. b3 O-O 12. Bb2 b5 13. Bd3 Bb7 14. Rac1 Be7 15. Ne4 Nd5 16. Bb1 f6 17. Qc2 Ndb4 18. Nxf6+ Bxf6 19. Qxh7+ Kf7 20. Ng5+ Ke7 21. Bxf6+ Kxf6 22. Qg6+ Ke7 23. Qxg7+ Ke8 24. Qxc7 1-0


[Site "https://www.chess.com"]

[Event "Titled Tuesday Blitz April 18 Early 2023"]
[White "Fajdetic, Hrvoje"]
[Black "Manukyan, Artyom"]
[WhiteFideId "14501945"]
[BlackFideId "13305786"]
[WhiteElo "2185"]
[BlackElo "2078"]
[Result "1-0"]
[Round "02"]
[TimeControl "180+2"]
[Date "2023.04.18"]
[WhiteClock "0:00:11"]
[BlackClock "0:00:01"]

1. d4 e6 2. Bf4 f5 3. h3 Nf6 4. e3 b6 5. g4 Bb7 6. Rh2 Be7 7. a4 d6 8. a5 Qd7 9. a6 Bc6 10. gxf5 exf5 11. Bc4 Nd5 12. Ne2 Bf6 13. Nbc3 Nxc3 14. Nxc3 d5 15. Bd3 O-O 16. Qh5 g6 17. Rg2 Bg7 18. Qf3 Qe6 19. h4 Bxd4 20. h5 Bxc3+ 21. bxc3 d4 22. Qg3 Bxg2 23. Qxg2 Nd7 24. cxd4 Rad8 25. hxg6 Qxg6 26. Bc4+ Kg7 27. Qh2 Rfe8 28. O-O-O Nf6 29. Be5 Rxe5 30. Qxe5 Kh8 31. Qxc7 Rf8 32. Qxa7 Ne4 33. Qe7 1-0


[Site "https://www.chess.com"]

[Event "Titled Tuesday Blitz April 18 Early 2023"]
[White "Jaskolka, Tomasz"]
[Black "Gheorghiu, Calin"]
[WhiteFideId "1170791"]
[BlackFideId "1200305"]
[WhiteElo "2155"]
[BlackElo "2223"]
[Result "0-1"]
[Round "02"]
[TimeControl "180+2"]
[Date "2023.04.18"]
[WhiteClock "0:00:02"]
[BlackClock "0:00:05"]

1. d4 Nf6 2. Bf4 d5 3. e3 c5 4. c3 Nc6 5. Nd2 g6 6. Ngf3 Bg7 7. dxc5 O-O 8. Nd4 a5 9. Be2 Nd7 10. Nxc6 bxc6 11. Nb3 e5 12. Bg3 a4 13. Nd2 Nxc5 14. O-O Ba6 15. Bxa6 Rxa6 16. Qe2 Rb6 17. Rab1 e4 18. f3 exf3 19. gxf3 Qe7 20. e4 Re8 21. Qf2 a3 22. Rfe1 Rxb2 23. exd5 Rxb1 24. Rxb1 Nd3 25. Qf1 Qe3+ 26. Bf2 Qxd2 27. dxc6 Bxc3 28. Rd1 Qxf2+ 29. Qxf2 Nxf2 30. Kxf2 Be5 31. Rd3 Rc8 32. Rd5 f6 33. Ra5 Rxc6 34. Rxa3 Bxh2 35. Ra8+ Kg7 36. Ra7+ Rc7 37. Ra6 Be5 38. a4 h5 39. Kg2 Rc2+ 40. Kh1 h4 41. Rb6 h3 42. Rb1 Ra2 43. a5 Rxa5 44. f4 Bxf4 45. Rb7+ Kh6 46. Rb1 Ra2 47. Kg1 g5 48. Kh1 g4 49. Rf1 Bg5 50. Re1 Kh5 51. Re3 Kh4 52. Re1 f5 53. Re3 f4 54. Re1 g3 55. Kg1 h2+ 56. Kh1 Kh3 57. Rg1 g2+ 58. Rxg2 Ra1+ 59. Rg1 Rxg1# 0-1


[Site "https://www.chess.com"]

[Event "Titled Tuesday Blitz April 18 Early 2023"]
[White "Tyagi, Kushan"]
[Black "Birkisson, Bardur Orn"]
[WhiteFideId "2040069"]
[BlackFideId "2310597"]
[WhiteElo "2291"]
[BlackElo "2062"]
[Result "0-1"]
[Round "02"]
[TimeControl "180+2"]
[Date "2023.04.18"]
[WhiteClock "0:00:26"]
[BlackClock "0:00:12"]

1. d4 Nf6 2. c4 e6 3. g3 d5 4. Bg2 Be7 5. Nf3 O-O 6. O-O dxc4 7. Qc2 a6 8. Qxc4 b5 9. Qc2 Bb7 10. Bd2 Be4 11. Qc1 Qc8 12. Nc3 Bb7 13. Rd1 Rd8 14. Bf4 Nbd7 15. a3 c5 16. Qc2 cxd4 17. Rxd4 Nd5 18. Rc1 Nxf4 19. gxf4 Bf6 20. Rd2 Nb6 21. Rxd8+ Bxd8 22. Ne5 Bxg2 23. Kxg2 Bf6 24. Ne4 Qxc2 25. Rxc2 Bxe5 26. fxe5 Nc4 27. f4 Ne3+ 28. Kf3 Nxc2 29. Nd6 b4 30. a4 Rd8 31. b3 Nd4+ 32. Ke4 Nxb3 0-1


[Site "https://www.chess.com"]

[Event "Titled Tuesday Blitz April 18 Early 2023"]
[White "Hajiyev, Kanan"]
[Black "Pourkashiyan, Atousa"]
[WhiteFideId "13404148"]
[BlackFideId "12502014"]
[WhiteElo "2103"]
[BlackElo "2228"]
[Result "1/2-1/2"]
[Round "02"]
[TimeControl "180+2"]
[Date "2023.04.18"]
[WhiteClock "0:00:19"]
[BlackClock "0:00:06"]

1. d4 Nf6 2. Nf3 d5 3. c4 e6 4. cxd5 exd5 5. Nc3 c6 6. Qc2 Be7 7. Bf4 O-O 8. e3 Bg4 9. Ne5 Bh5 10. Bd3 Nbd7 11. O-O Re8 12. h3 Bg6 13. Nxg6 hxg6 14. Rab1 a5 15. a3 Bf8 16. Rfc1 Nb6 17. Bg5 Qd7 18. Na4 Nxa4 19. Qxa4 Ne4 20. Bxe4 Rxe4 21. b4 b5 22. Qc2 Re6 23. Bf4 a4 24. Qd3 Rae8 25. Rc3 Be7 26. Rbc1 g5 27. Be5 Rc8 28. Qf5 g6 29. Qc2 Bf6 30. Bxf6 Rxf6 31. Rc5 g4 32. hxg4 Qxg4 33. Rxd5 Re8 34. Rc5 Ree6 35. Qd1 Qe4 36. Qc2 Qh4 37. d5 cxd5 38. Rxd5 Rc6 39. Qxc6 Rxc6 40. Rxc6 Qe4 41. Rcc5 Qb1+ 42. Kh2 Qb2 43. Kg3 Qxa3 44. Rxb5 Qa1 45. Ra5 a3 46. Rd8+ Kg7 47. Rda8 Qc3 48. b5 Qc7+ 49. Kf3 Qb7+ 50. Kg3 Qc7+ 51. Kh3 Qd7+ 52. Kh2 Qc7+ 53. Kg1 Qc1+ 54. Kh2 Qc7+ 55. g3 Qc2 56. Kg2 Qe4+ 57. Kg1 Qb1+ 58. Kh2 Qc2 59. Kg1 Qb1+ 60. Kg2 Qe4+ 61. Kh3 Qf5+ 62. Kg2 Qe4+ 1/2-1/2


[Site "https://www.chess.com"]

[Event "Titled Tuesday Blitz April 18 Early 2023"]
[White "De Souza, Cristiano Gomes"]
[Black "Koutlas, Nikolaos"]
[WhiteFideId "2151758"]
[BlackFideId "25827138"]
[WhiteElo "2068"]
[BlackElo "2215"]
[Result "0-1"]
[Round "02"]
[TimeControl "180+2"]
[Date "2023.04.18"]
[WhiteClock "0:02:11"]
[BlackClock "0:02:33"]

1. d4 Nf6 2. c4 e6 3. Nf3 Bb4+ 4. Bd2 a5 5. Nc3 O-O 6. a3 Be7 7. g3 d5 8. cxd5 exd5 9. Bg2 c6 10. Ne5 Nbd7 11. O-O Nxe5 12. dxe5 Ng4 13. f4 Qb6+ 14. Kh1 Nf2+ 15. Rxf2 Qxf2 16. e3 Bf5 17. g4 Bxg4 18. Qxg4 Qxd2 19. Rb1 Qxe3 20. Rg1 Bc5 21. Ne2 g6 22. h4 h5 0-1


[Site "https://www.chess.com"]

[Event "Titled Tuesday Blitz April 18 Early 2023"]
[White "Lorenzo De La Riva, Lazaro"]
[Black "Makhmudov, Shukhrat"]
[WhiteFideId "2268809"]
[BlackFideId "14200775"]
[WhiteElo "2294"]
[BlackElo "2135"]
[Result "1/2-1/2"]
[Round "02"]
[TimeControl "180+2"]
[Date "2023.04.18"]
[WhiteClock "0:00:16"]
[BlackClock "0:00:14"]

1. c4 Nf6 2. g3 b6 3. Bg2 Nc6 4. d4 Bb7 5. Nc3 e6 6. a3 Be7 7. e4 d6 8. Nge2 e5 9. d5 Nb8 10. O-O a5 11. Be3 O-O 12. b4 axb4 13. axb4 Nbd7 14. h3 Re8 15. Qc2 Nf8 16. Ra2 Rxa2 17. Qxa2 Qd7 18. Qb2 Ra8 19. Ra1 Qe8 20. Nb5 Bd8 21. Rxa8 Bxa8 22. Qa3 Bb7 23. Qa7 c6 24. Nxd6 Qd7 25. Nxb7 cxd5 26. exd5 e4 27. Qa8 Be7 28. c5 bxc5 29. Nxc5 Qxd5 30. Qxd5 Nxd5 31. Bd2 f5 32. Nd4 g6 33. Nc6 Bd6 34. Bf1 Nb6 35. Be3 Kg7 36. Nb7 Bc7 37. Bd4+ Kf7 38. Nca5 Ne6 39. Bc5 f4 40. g4 h5 41. Bb5 Ng5 42. Bf1 Nf3+ 43. Kh1 hxg4 44. hxg4 g5 45. Nb3 Ne5 46. Bh3 Nd3 47. Nd2 Nxc5 48. bxc5 e3 49. fxe3 fxe3 50. Nf3 Nd5 51. Nxg5+ Kg6 52. Nf3 e2 53. Kg1 Nf4 54. Kf2 Nxh3+ 55. Kxe2 Nf4+ 56. Ke3 Ne6 57. Ke4 Ng5+ 58. Kd5 Nxf3 59. Nd6 Bd8 60. Ke6 Ba5 61. c6 Nd4+ 62. Kd5 Nxc6 63. Kxc6 Kg5 64. Nc4 Bc3 65. Kd5 Kxg4 1/2-1/2


[Site "https://www.chess.com"]

[Event "Titled Tuesday Blitz April 18 Early 2023"]
[White "Namitbir Singh Walia"]
[Black "Prudnykova, Olga"]
[WhiteFideId "35071068"]
[BlackFideId "14121093"]
[WhiteElo "2239"]
[BlackElo "2113"]
[Result "0-1"]
[Round "02"]
[TimeControl "180+2"]
[Date "2023.04.18"]
[WhiteClock "0:00:02"]
[BlackClock "0:00:11"]

1. e4 c5 2. Nf3 Nf6 3. e5 Nd5 4. d4 cxd4 5. Qxd4 e6 6. Bg5 Qa5+ 7. Bd2 Qc7 8. Nc3 Nxc3 9. Qxc3 Nc6 10. O-O-O Be7 11. h4 b6 12. Bg5 Bxg5+ 13. hxg5 Bb7 14. Bd3 O-O-O 15. Rh4 Kb8 16. Rc4 Rc8 17. Nd4 Qd8 18. Nb5 Qxg5+ 19. f4 Qxg2 20. Be4 Qf2 21. Bd3 Na5 22. Rxc8+ Rxc8 23. Qb4 Nc4 24. b3 Qxf4+ 25. Kb1 Qf3 26. Rf1 a5 27. Qe7 Nd2+ 28. Kb2 Nxf1 29. Nd6 Rc7 30. Qd8+ Bc8 31. Ba6 Qc6 32. Nxc8 Qxc2+ 33. Ka3 Qc5+ 34. Kb2 Qc1# 0-1


[Site "https://www.chess.com"]

[Event "Titled Tuesday Blitz April 18 Early 2023"]
[White "ilya2700"]
[Black "Berthier, Hugo"]
[BlackFideId "655864"]
[WhiteElo "2280"]
[BlackElo "2193"]
[Result "1-0"]
[Round "02"]
[TimeControl "180+2"]
[Date "2023.04.18"]
[WhiteClock "0:01:40"]
[BlackClock "0:00:37"]

1. d4 d5 2. c4 c6 3. Nf3 Nf6 4. Nc3 dxc4 5. a4 Bf5 6. e3 e6 7. Bxc4 Bb4 8. O-O O-O 9. Qe2 Bg6 10. Bd3 Nbd7 11. e4 e5 12. Nxe5 Nxe5 13. dxe5 Nd7 14. f4 Nc5 15. Rd1 Qa5 16. f5 Bxc3 17. bxc3 Qxc3 18. Bb2 Bh5 19. Bxc3 Bxe2 20. Bxe2 Nxe4 21. Bb4 Rfe8 22. e6 fxe6 23. fxe6 c5 24. Be1 Kh8 25. Bc4 Ng5 26. Rd6 Ne4 27. Rd7 b6 28. Bd5 Nf6 29. Bxa8 Nxd7 30. exd7 Rxa8 31. Bh4 g5 32. Bxg5 Kg7 33. d8=Q Rxd8 34. Bxd8 1-0


[Site "https://www.chess.com"]

[Event "Titled Tuesday Blitz April 18 Early 2023"]
[White "Belov, Alexei"]
[Black "Smietanska, Wiktoria"]
[WhiteFideId "4128206"]
[BlackFideId "21869359"]
[WhiteElo "2480"]
[BlackElo "1995"]
[Result "1-0"]
[Round "02"]
[TimeControl "180+2"]
[Date "2023.04.18"]
[WhiteClock "0:00:28"]
[BlackClock "0:00:02"]

1. e4 c5 2. Nf3 d6 3. d4 cxd4 4. Nxd4 Nf6 5. Nc3 a6 6. Be2 e5 7. Nb3 Be7 8. O-O O-O 9. Kh1 Nc6 10. f4 b5 11. a4 b4 12. Nd5 Nxd5 13. exd5 Nb8 14. a5 Nd7 15. Bd2 Rb8 16. Ra4 exf4 17. Rxb4 Rxb4 18. Bxb4 g5 19. Nd4 Ne5 20. Bd3 Bg4 21. Qd2 Bh5 22. h3 Qc7 23. Bxa6 Bg6 24. c3 Ra8 25. Bb5 Be4 26. Qe2 Bxd5 27. Nf5 Bf8 28. c4 Bxc4 29. Bxc4 Qxc4 30. Qxc4 Nxc4 31. b3 Nxa5 32. Ra1 d5 33. Rxa5 Rb8 34. Bxf8 Kxf8 35. Rxd5 Rxb3 36. Rd8# 1-0


[Site "https://www.chess.com"]

[Event "Titled Tuesday Blitz April 18 Early 2023"]
[White "babbilator"]
[Black "Chernomordik, Pavel"]
[BlackFideId "2804530"]
[WhiteElo "2256"]
[BlackElo "2193"]
[Result "0-1"]
[Round "02"]
[TimeControl "180+2"]
[Date "2023.04.18"]
[WhiteClock "0:00:18"]
[BlackClock "0:01:18"]

1. e4 g6 2. Nc3 Bg7 3. f4 e6 4. d4 d6 5. Nf3 b6 6. Be3 Bb7 7. Qd2 Ne7 8. Bd3 Nd7 9. O-O-O a6 10. g4 b5 11. Rhf1 b4 12. Ne2 Nf6 13. Ng3 Nxg4 14. Bg1 c5 15. dxc5 dxc5 16. Bxc5 Qc7 17. Bd6 Qa5 18. Qxb4 Qxb4 19. Bxb4 Ne3 20. f5 Nxf1 21. Rxf1 Nc6 22. Bc5 exf5 23. exf5 O-O-O 24. fxg6 hxg6 25. Ng5 Bh6 26. h4 Ne5 27. Be4 f5 28. Bxb7+ Kxb7 29. Kb1 Bxg5 30. hxg5 Rd2 0-1


[Site "https://www.chess.com"]

[Event "Titled Tuesday Blitz April 18 Early 2023"]
[White "Kalajzic, Ivan"]
[Black "Principe, Alexander"]
[WhiteFideId "14506378"]
[BlackFideId "3804542"]
[WhiteElo "2203"]
[BlackElo "2203"]
[Result "0-1"]
[Round "02"]
[TimeControl "180+2"]
[Date "2023.04.18"]
[WhiteClock "0:00:47"]
[BlackClock "0:01:13"]

1. b3 d5 2. Bb2 Bf5 3. e3 Nd7 4. Nf3 c6 5. d4 f6 6. Bd3 Bxd3 7. cxd3 Qc7 8. Nbd2 e5 9. dxe5 fxe5 10. O-O Ngf6 11. Rc1 Bd6 12. e4 d4 13. a3 O-O 14. b4 Rae8 15. a4 Qd8 16. Qb3+ Kh8 17. b5 c5 18. Ng5 Qe7 19. f4 exf4 20. Nc4 Ne5 21. Nxd6 Qxd6 22. Rxf4 h6 23. Nh3 Ng6 24. Rf5 b6 25. Rcf1 Ng4 26. Rxf8+ Rxf8 27. Rxf8+ Nxf8 28. g3 Ne5 29. Bc1 Qe6 30. Qxe6 Nxe6 31. Nf2 c4 32. dxc4 Nc5 33. Bb2 Nxa4 34. Bxd4 Nf3+ 35. Kg2 Nxd4 36. Nd3 Kg8 37. Nb4 Kf7 38. Nc6 Nxc6 39. bxc6 Ke6 40. Kf3 Nc5 41. c7 Kd7 42. Kf4 Kxc7 43. Kf5 Kd7 44. Kg6 Ne6 45. e5 a5 0-1


[Site "https://www.chess.com"]

[Event "Titled Tuesday Blitz April 18 Early 2023"]
[White "Baches Garcia, Guillermo"]
[Black "Kohler, Aran"]
[WhiteFideId "2209764"]
[BlackFideId "1002856"]
[WhiteElo "2477"]
[BlackElo "2248"]
[Result "1-0"]
[Round "02"]
[TimeControl "180+2"]
[Date "2023.04.18"]
[WhiteClock "0:01:18"]
[BlackClock "0:01:16"]

1. e4 c6 2. d4 d5 3. e5 c5 4. Nf3 Bg4 5. dxc5 e6 6. c3 Bxc5 7. Qa4+ Nc6 8. Qxg4 Nge7 9. b4 h5 10. Qxg7 Rg8 11. Qh7 Bb6 12. b5 Na5 13. Bg5 Kd7 14. Qxf7 Re8 15. Bd3 Bc5 16. O-O Rf8 17. Qxh5 Qb6 18. Nbd2 Rh8 19. Qg4 Rag8 20. h4 Kc8 21. Nb3 Nxb3 22. axb3 Kb8 23. b4 1-0


[Site "https://www.chess.com"]

[Event "Titled Tuesday Blitz April 18 Early 2023"]
[White "Inepton_Fermion"]
[Black "Toncheva, Nadya"]
[BlackFideId "2924056"]
[WhiteElo "2247"]
[BlackElo "2101"]
[Result "0-1"]
[Round "02"]
[TimeControl "180+2"]
[Date "2023.04.18"]
[WhiteClock "0:00:02"]
[BlackClock "0:00:12"]

1. e4 c5 2. Nf3 Nc6 3. d4 cxd4 4. Nxd4 g6 5. c4 Bg7 6. Be3 Nf6 7. Nc3 O-O 8. Be2 d6 9. h3 Nxd4 10. Bxd4 Bd7 11. O-O Bc6 12. Qc2 a5 13. Rad1 Nd7 14. Bxg7 Kxg7 15. Kh1 Qb6 16. f4 f5 17. exf5 gxf5 18. Bf3 Kh8 19. Rde1 Rae8 20. Bh5 Rg8 21. Bxe8 Rxg2 22. Qxg2 Bxg2+ 23. Kxg2 Qxb2+ 24. Re2 Qxc3 25. Bxd7 Qxc4 26. Rxe7 Qxa2+ 27. Rf2 Qd5+ 28. Kh2 Qd4 29. Kg1 a4 30. Bxf5 a3 31. Kf1 Qd1+ 32. Kg2 a2 33. Rxa2 Qd5+ 34. Be4 Qxa2+ 35. Kf3 d5 36. Rxh7+ Kg8 37. Bd3 Qb3 38. Ke3 b5 39. Rb7 b4 0-1


[Site "https://www.chess.com"]